 Dungeon Crawl Stone Soup version 0.30.0-19-g36f170ea60 (webtiles) character file.

Game seed: 16300098408009865665

58993 Erymatos the Severer (level 14, -33/136 HPs)
             Began as a Minotaur Berserker on May 29, 2023.
             Was a High Priest of Trog.
             Killed from afar by a lindwurm (45 damage)
             ... with a blast of flame
             ... summoned by Kirke
             ... on level 15 of the Dungeon.
             The game lasted 00:39:51 (15822 turns).

Erymatos the Severer (Minotaur Berserker)          Turns: 15822, Time: 00:39:51

Health: -33/136    AC:  0    Str: 24    XL:     14   Next: 51%
Magic:  13/13      EV: 19    Int:  4    God:    Trog [*****.]
Gold:   635        SH:  0    Dex: 13    Spells: 13/13 levels left

rFire   . . .        I - melded +1 broad axe
rCold   . . .        f - melded +1 buckler {AC+3}
rNeg    . . .        Q - melded +4 chain mail {rPois}
rPois   .            P - melded +2 hat of the Unbearable God {rC+++ rCorr Int-2 Stlth+}
rElec   .            C - melded +1 cloak of Nuytz {-Tele rPois Regen+ SInv}
rCorr   .            Y - melded +1 pair of gloves {Stlth+}
SInv    .            (boots currently unavailable)
Will    +....        (no amulet)
Stlth   +++          s - melded +5 ring of evasion
HPRegen 0.42/turn    T - melded +4 ring of slaying
MPRegen 0.13/turn

%: no passive effects
@: pig-form, on berserk cooldown, slowed
A: fast, no casting, small, (horns 2), (retaliatory headbutt)
a: Renounce Religion, Berserk, Trog's Hand, Brothers in Arms


You were on level 15 of the Dungeon.
You worshipped Trog.
Trog was extremely pleased with you.
You were a filthy swine.
You visited 2 branches of the dungeon, and saw 17 of its levels.
You also visited: Sewer.

You collected 1896 gold pieces.
You spent 1261 gold pieces at shops.

Inventory:

Hand Weapons
 p - a +6 battleaxe of flaming
 I - a +1 broad axe (melded)
 W - a +3 battleaxe of electrocution
Missiles
 b - 3 throwing nets (quivered)
Armour
 f - a +1 buckler of protection (melded)
 C - the +1 cloak of Nuytz (melded) {-Tele rPois Regen+ SInv}
   (You bought it in a shop on level 8 of the Dungeon)

   rPois:     It protects you from poison.
   SInv:      It lets you see invisible.
   -Tele:     It prevents most forms of teleportation.
   Regen:     It increases your rate of health regeneration.
 P - the +2 hat of the Unbearable God (melded) {rC+++ rCorr Int-2 Stlth+}
   (You bought it in a shop on level 8 of the Dungeon)

   Int:       It affects your intelligence (-2).
   rC:        It renders you almost immune to cold.
   rCorr:     It protects you from acid and corrosion.
   Stlth:     It makes you more stealthy.
 Q - a +4 chain mail of poison resistance (melded)
 Y - a +1 pair of gloves of stealth (melded)
Jewellery
 r - a ring of protection from fire
 s - a +5 ring of evasion (melded)
 v - a ring of fire
 B - a ring of positive energy
 E - a ring of positive energy
 T - a +4 ring of slaying (melded)
 V - a +4 ring of protection
Wands
 w - a wand of roots (14)
 y - a wand of flame (7)
 M - a wand of paralysis (6)
 U - a wand of polymorph (6)
 Z - a wand of acid (3)
Scrolls
 a - 3 scrolls of poison
 e - 2 scrolls of immolation {unknown}
 g - 4 scrolls of brand weapon
 h - 2 scrolls of fog
 m - 10 scrolls of teleportation
 n - a scroll of enchant armour
 q - 4 scrolls of enchant weapon
 u - 4 scrolls of magic mapping
 A - 2 scrolls of torment
 D - 4 scrolls of blinking
 F - a scroll of noise
 G - 2 scrolls of vulnerability
 H - 2 scrolls of fear
 J - a scroll of silence
 L - a scroll of acquirement
 N - a scroll of summoning {unknown}
 X - 7 scrolls of identify
Potions
 c - 2 potions of invisibility
 d - 2 potions of mutation {unknown}
 i - 2 potions of might {unknown}
 j - 2 potions of attraction {unknown}
 k - a potion of haste {unknown}
 l - 2 potions of magic {unknown}
 o - 8 potions of curing
 x - 3 potions of heal wounds {unknown}
 z - 2 potions of degeneration {unknown}
 K - 3 potions of ambrosia {unknown}
 O - 3 potions of lignification {unknown}
 R - a potion of flight {unknown}
 S - a potion of cancellation {unknown}


   Skills:
 + Level 15.6 Fighting
 + Level 19.9 Axes
 + Level 13.8 Armour
 + Level 9.7 Dodging
 + Level 4.2 Stealth


You had 13 spell levels left.
You didn't know any spells.
Your spell library was empty.

Dungeon Overview and Level Annotations

Branches:
Dungeon (15/15)            Temple (0/1) D:7            Lair (0/5) D:9
    Orc (2/2) D:10            Elf (0/3) Orc:2        Vaults (0/5) D:13
  Sewer (visited)
 Depths: D:15

Altars:
Kikubaaqudgha
Ru
Sif Muna
Yredelemnul
Zin

Shops:
D:4 ?   D:8 *([=   D:14 (   Orc:2 ==:

Portals:
Trove: D:14 (give 12 potions of heal wounds)

Annotations:
D:6 2 runed translucent doors, dertzug's ghost, novice HOFi
D:15 Kirke


Innate Abilities, Weirdness & Mutations

You are a filthy swine.
You move quickly.
Your equipment is almost entirely melded.
You are incapable of wielding weapons or throwing items.
You cannot cast spells.
((You have a pair of horns on your head.))
((You reflexively headbutt those who attack you in melee.))


Message History

a hog corpse; a hog corpse You start resting.
You feel a strong urge to attack something.
No target in view!
You start resting.
You hear some strange, mumbled words.
Something summons a manticore!
Unknown command.
A manticore is nearby!
You feel your anger nearly subside.
You are no longer berserk.
You are exhausted.
You feel yourself slow down.
You hear some strange, mumbled words.
Something summons a lindwurm!
Unknown command.
There are monsters nearby!
You barely miss the lindwurm. The manticore bites you! The manticore claws you!
The manticore barely misses you. The lindwurm barely misses you.
The lindwurm claws you! The lindwurm claws you. Something hits you!
You are too injured to fight recklessly!
You are too injured to fight recklessly!
Unknown command.
You are too injured to fight recklessly!
You hit the lindwurm.
The lindwurm is lightly wounded.
The manticore bites you! The manticore misses you. The manticore claws you.
The lindwurm misses you. The lindwurm closely misses you.
The lindwurm misses you. Something hits you!
* * * LOW HITPOINT WARNING * * *
Unknown command.
You hit the lindwurm but do no damage.
The lindwurm is lightly wounded.
The manticore bites you!!
* * * LOW HITPOINT WARNING * * *
The manticore barely misses you. The manticore completely misses you.
Something hits you.
* * * LOW HITPOINT WARNING * * *
The lindwurm breathes flames at you. The blast of flame hits you!!!
You die...

####+...#
#.......##
..........#
..........## #+
########...#
#..##....##...#
.[.......#...##
.......k.+...#
#..†hH..##
#####...# #..##
#..# #... #...#
##... #...#


You could see a manticore (summoned) and a lindwurm (summoned, catching breath).

Vanquished Creatures
  Rupert (D:13)
  Gastronok (D:9)
  2 orc warlords (Orc:2)
  The ghost of kwasso the Cleaver, a journeyman GnCK of Xom (Orc:1)
  2 catoblepae
  4 ogre magi (Orc:2)
  5 centaur warriors
  14 two-headed ogres
  A death knight (D:14)
  2 boulder beetles
  3 tengu warriors
  Urug (Orc:1)
  2 orc high priests (Orc:1)
  A fire crab (shapeshifter) (D:14)
  A phantasmal warrior (D:14)
  A harpy (shapeshifter) (D:13)
  5 ugly things (D:14)
  An orc knight (D:13)
  A deep elf pyromancer (D:12)
  A manticore (D:11)
  An orc sorcerer (Orc:1)
  3 cyclopes (D:14)
  An elephant (D:9)
  Joseph (D:7)
  3 gargoyles
  An unseen horror (D:12)
  3 freezing wraiths (D:14)
  A kobold demonologist (D:9)
  A komodo dragon (D:12)
  2 efreet
  A tengu conjurer (D:13)
  7 trolls
  A hornet (D:11)
  A spriggan (D:11)
  13 slime creatures
  4 shadows
  A culicivora (shapeshifter) (D:15)
  2 wraiths
  2 vampires
  25 yaks
  16 humans
  2 wyverns
  5 hogs (D:15)
  15 vampire mosquitoes
  2 basilisks (D:14)
  Edmund (D:6)
  6 wargs
  An acid dragon (D:10)
  A water moccasin (D:7)
  An ice beast (D:6)
  19 orc warriors
  3 sky beasts
  3 black bears
  23 ogres
  9 centaurs
  A phantom (D:6)
  A kobold brigand (D:7)
  A gnoll sergeant (D:6)
  6 bullfrogs
  2 scorpions
  14 wights
  6 killer bees (D:6)
  3 jellies
  4 howler monkeys
  2 sleepcaps (D:6)
  Crazy Yiuf (D:2)
  13 orc priests
  Terence (D:2)
  5 iguanas
  16 orc wizards
  10 gnolls
  8 adders
  A white imp (D:8)
  An ufetubus (D:5)
  4 worms
  6 dart slugs
  71 orcs
  19 endoplasms
  7 giant cockroaches
  11 goblins
  11 hobgoblins
  4 jackals (D:1)
  18 quokkas
  14 ball pythons
  4 bats
  15 frilled lizards
  7 kobolds
  3 rats
521 creatures vanquished.

Vanquished Creatures (collateral kills)
  A shadow (D:11)
  A yak (D:11)
  An orc warrior (Orc:1)
  An orc priest (Orc:1)
4 creatures vanquished.

Vanquished Creatures (others)
  2 orc priests (Orc:1)
2 creatures vanquished.

Grand Total: 527 creatures vanquished

Notes
Turn   | Place    | Note
-------+----------+-------------------------------------------
     0 | D:1      | Erymatos the Minotaur Berserker began the quest for the
                  | Orb.
     0 | D:1      | Reached XP level 1. HP: 19/19 MP: 0/0
    82 | D:1      | Found a faded altar of an unknown god.
   130 | D:1      | Reached XP level 2. HP: 27/27 MP: 1/1
   133 | D:1      | Reached skill level 4 in Axes
   405 | D:1      | Reached XP level 3. HP: 33/33 MP: 2/2
   452 | D:1      | Reached ** piety under Trog
  1056 | D:2      | Found a sacrificial altar of Ru.
  1201 | D:2      | Noticed Terence
  1214 | D:2      | Killed Terence
  1215 | D:2      | Reached XP level 4. HP: 41/41 MP: 3/3
  1370 | D:2      | Reached skill level 5 in Axes
  1500 | D:2      | Found a runed translucent door.
  1501 | D:2      | Noticed Crazy Yiuf
  1843 | D:2      | Killed Crazy Yiuf
  2202 | D:3      | Reached XP level 5. HP: 47/47 MP: 4/4
  2606 | D:4      | Reached skill level 6 in Axes
  2956 | D:4      | Reached XP level 6. HP: 55/55 MP: 5/5
  2983 | D:4      | Found a shimmering blue altar of Sif Muna.
  2991 | D:4      | Found a basalt altar of Yredelemnul.
  3064 | D:4      | Found Kasorurch's Magic Scroll Emporium.
  3087 | D:4      | Bought a scroll of vulnerability for 44 gold pieces
  3087 | D:4      | Bought a scroll of fear for 44 gold pieces
  3087 | D:4      | Bought a scroll of teleportation for 33 gold pieces
  3203 | D:4      | Found a glowing drain.
  3206 | D:4      | Reached *** piety under Trog
  3216 | Sewer    | Entered a sewer
  3409 | Sewer    | Reached **** piety under Trog
  3483 | Sewer    | Reached skill level 7 in Axes
  3905 | D:5      | Entered Level 5 of the Dungeon
  3913 | D:5      | Reached skill level 5 in Fighting
  3918 | D:5      | Reached XP level 7. HP: 61/61 MP: 6/6
  4744 | D:6      | Found a runed translucent door.
  4745 | D:6      | Noticed dertzug's ghost (novice HOFi)
  4755 | D:6      | Reached skill level 8 in Axes
  4787 | D:6      | You fall into a shaft and drop 1 floor!
  4853 | D:7      | Noticed a wraith
  4854 | D:7      | Noticed Joseph
  4864 | D:7      | Killed a wraith
  4865 | D:7      | Reached skill level 5 in Armour
  4875 | D:7      | Killed Joseph
  4876 | D:7      | Reached skill level 9 in Axes
  4876 | D:7      | Reached XP level 8. HP: 34/70 MP: 7/7
  5061 | D:7      | Found a staircase to the Ecumenical Temple.
  5167 | D:7      | Reached skill level 10 in Axes
  5310 | D:7      | Reached skill level 1 in Stealth
  5453 | D:7      | Reached XP level 9. HP: 72/78 MP: 8/8
  5710 | D:6      | Noticed Edmund
  5727 | D:6      | Killed Edmund
  5788 | D:6      | Reached skill level 5 in Dodging
  5803 | D:6      | Reached skill level 11 in Axes
  6644 | D:6      | Found a runed translucent door.
  6826 | D:8      | Found Famnax's Jewellery Emporium.
  6864 | D:8      | Found a glowing silver altar of Zin.
  6963 | D:8      | Found Linerruq's Antique Armour Shop.
  6973 | D:8      | Bought a bloodstained hat for 252 gold pieces
  6973 | D:8      | Identified the +2 hat of the Unbearable God {rC+++ rCorr
                  | Int-2 Stlth+} (You bought it in a shop on level 8 of the
                  | Dungeon)
  7037 | D:8      | Found Rinypi's Antique Weapon Shop.
  7046 | D:8      | Reached skill level 12 in Axes
  7047 | D:8      | Reached XP level 10. HP: 89/89 MP: 9/9
  7142 | D:8      | Found Jappot's Assorted Antiques.
  7360 | D:9      | Reached skill level 13 in Axes
  7408 | D:9      | Noticed Gastronok
  7422 | D:9      | Killed Gastronok
  7434 | D:9      | Noticed an elephant
  7435 | D:9      | Found a staircase to the Lair.
  7448 | D:9      | Killed an elephant
  7649 | D:9      | Noticed a gargoyle
  7661 | D:9      | Killed a gargoyle
  7662 | D:9      | Reached skill level 14 in Axes
  7868 | D:9      | Noticed a two-headed ogre
  7882 | D:9      | Killed a two-headed ogre
  7883 | D:9      | Reached XP level 11. HP: 98/99 MP: 10/10
  8034 | D:9      | Identified the +3 spear "Miyzykh" {freeze, rF++ rC+ Stlth+}
  8128 | D:9      | Reached skill level 10 in Fighting
  8849 | D:10     | Entered Level 10 of the Dungeon
  9021 | D:10     | Reached skill level 10 in Armour
  9037 | D:10     | Reached ***** piety under Trog
  9065 | D:10     | Found a staircase to the Orcish Mines.
  9892 | D:10     | Identified a scroll of acquirement
 10359 | D:11     | Reached skill level 15 in Axes
 10958 | D:12     | Noticed a deep elf pyromancer
 11074 | D:12     | Killed a deep elf pyromancer
 11075 | D:12     | Reached XP level 12. HP: 103/112 MP: 11/11
 11294 | D:12     | Noticed a two-headed ogre
 11301 | D:12     | Killed a two-headed ogre
 12270 | D:8      | Bought a fine cloak for 266 gold pieces
 12270 | D:8      | Identified the +1 cloak of Nuytz {-Tele rPois Regen+ SInv}
                  | (You bought it in a shop on level 8 of the Dungeon)
 12373 | Orc:1    | Entered Level 1 of the Orcish Mines
 12373 | Orc:1    | Noticed Urug
 12373 | Orc:1    | Found a runed translucent gate.
 12386 | Orc:1    | Killed Urug
 12394 | Orc:1    | Found a runed translucent gate.
 12395 | Orc:1    | Noticed an orc high priest
 12397 | Orc:1    | Found a runed translucent gate.
 12397 | Orc:1    | Noticed an orc high priest
 12397 | Orc:1    | Noticed kwasso's ghost (journeyman GnCK)
 12409 | Orc:1    | Killed an orc high priest
 12873 | Orc:1    | Killed an orc high priest
 12881 | Orc:1    | Killed kwasso's ghost
 12919 | Orc:2    | Entered Level 2 of the Orcish Mines
 12965 | Orc:2    | Noticed a two-headed ogre
 12965 | Orc:2    | Noticed a two-headed ogre
 12978 | Orc:2    | Killed a two-headed ogre
 12984 | Orc:2    | Noticed a two-headed ogre
 12991 | Orc:2    | Noticed a two-headed ogre
 12992 | Orc:2    | Killed a two-headed ogre
 12993 | Orc:2    | Reached skill level 16 in Axes
 12995 | Orc:2    | Noticed a two-headed ogre
 13000 | Orc:2    | Killed a two-headed ogre
 13005 | Orc:2    | Killed a two-headed ogre
 13008 | Orc:2    | Noticed a two-headed ogre
 13012 | Orc:2    | Noticed a two-headed ogre
 13014 | Orc:2    | Killed a two-headed ogre
 13017 | Orc:2    | Noticed a two-headed ogre
 13025 | Orc:2    | Killed a two-headed ogre
 13027 | Orc:2    | Noticed a two-headed ogre
 13029 | Orc:2    | Killed a two-headed ogre
 13030 | Orc:2    | Reached XP level 13. HP: 98/122 MP: 12/12
 13049 | Orc:2    | Reached skill level 17 in Axes
 13086 | Orc:2    | Found Cakel's Book Boutique.
 13086 | Orc:2    | Found Culyr's Assorted Antiques.
 13095 | Orc:2    | Found Yduxuane's Jewellery Shop.
 13095 | Orc:2    | Found Maybrege's Jewellery Shoppe.
 13140 | Orc:2    | Received a gift from Trog
 13239 | Orc:2    | Found a staircase to the Elven Halls.
 13258 | Orc:2    | Noticed an orc warlord
 13284 | Orc:2    | Killed an orc warlord
 13439 | Orc:2    | Noticed an orc warlord
 13453 | Orc:2    | Killed an orc warlord
 13898 | D:8      | Bought a brown potion for 29 gold pieces
 13898 | D:8      | Bought a scroll labelled KUSIEF ZOUL for 33 gold pieces
 13997 | D:4      | Bought a scroll of identify for 22 gold pieces
 13997 | D:4      | Bought a scroll of identify for 22 gold pieces
 13997 | D:4      | Bought a scroll of identify for 22 gold pieces
 14096 | D:8      | Bought a pair of runed gloves for 247 gold pieces
 14096 | D:8      | Bought a scroll of blinking for 247 gold pieces
 14253 | D:13     | Noticed Rupert
 14253 | D:13     | Found a gate to the Vaults.
 14301 | D:13     | Reached skill level 18 in Axes
 14302 | D:13     | Received a gift from Trog
 14418 | D:13     | Killed Rupert
 14664 | D:13     | Reached XP level 14. HP: 112/133 MP: 13/13
 14802 | D:13     | Reached skill level 15 in Fighting
 14858 | D:13     | Reached skill level 19 in Axes
 15127 | D:14     | Found an ancient bone altar of Kikubaaqudgha.
 15135 | D:14     | Found a portal to a secret trove of treasure.
 15337 | D:14     | Received a gift from Trog
 15405 | D:14     | Found Mamotz's Weapon Emporium.
 15741 | D:15     | Entered Level 15 of the Dungeon
 15801 | D:15     | Noticed Kirke
 15822 | D:15     | Killed from afar by a lindwurm

Illustrated notes

Levels and vault maps discovered:
D:1:      minmay_arrival_loop, layout_loops_corners,
          ebering_ecumenical_altar_abandoned, serial_bayou,
          serial_bayou_shore_a, serial_bayou_pond_b, serial_bayou_crossing,
          serial_bayou_lake_a, minmay_misc_feat_rows
D:2:      layout_loops_cross, basic_altar, st_stairs_14,
          kennysheep_generic_room_13, uniq_crazy_yiuf_cottage, uniq_terence
D:3:      layout_basic
D:4:      layout_loops_corners, mainiacjoe_overflow_big_doors, serial_shops,
          shop, gup_sewer_entry_pipe
D:5:      layout_loops_ring, serial_rivers, chequers_serial_rivers_micro_d,
          chequers_serial_rivers_small_3, chequers_serial_rivers_large_a,
          chequers_serial_rivers_micro_d, chequers_serial_rivers_micro_d,
          chequers_serial_rivers_small_3
D:6:      layout_loops_cross, ebering_ghost_sewer_f, uniq_edmund
D:7:      layout_cave_pools, minmay_temple_entry_slanted, uniq_joseph
D:8:      layout_cave_pools, overflow_temple_1_default, serial_shops, shop,
          shop_statue, nicolae_shop_just_a_little_nook, shop, solitary_fountain,
          dk_vineyard_1
D:9:      layout_stronghold, david_lair_generic, uniq_gastronok
D:10:     layout_irregular_city, erik_orc_3
D:11:     layout_gridville, the_hattery
D:12:     layout_cave_pods, hive_lemuel
D:13:     layout_roguey, david_vaults_3
D:14:     layout_roguey, enter_trove_1, serial_shops, shop,
          nicolae_kikubaaqudgha_miasma_corner, grunt_ministairs_13, minivault_19
D:15:     hangedman_depths_entry_civil_slaughter, layout_gridville,
          nicolae_two_hexagons, gammafunk_ghost_mausoleum, uniq_kirke
Orc:1:    layout_caves, gammafunk_ghost_split, uniq_urug
Orc:2:    st_orc_ogre_mass, layout_diamond_mine

Skill      XL: |  1  2  3  4  5  6  7  8  9 10 11 12 13 14 |
---------------+-------------------------------------------+-----
Axes           | 4 5 6 7 9 10 12 14 15 16 18 19 | 19.9
Fighting       | 4 5 6 8 9 11 13 14 15 | 15.6
Armour         | 3 4 5 7 8 9 11 12 13 | 13.8
Dodging        | 3 4 5 6 7 8 9 |  9.7
Stealth        | 1 2 4 |  4.2

Action                     |  1- 3 |  4- 6 |  7- 9 | 10-12 | 13-15 || total
---------------------------+-------+-------+-------+-------+-------++-------
  Melee: Hand axe          |    72 |   228 |   247 |   491 |       ||  1038
         Headbutt          |    11 |    31 |    54 |   117 |    68 ||   281
         Punch             |       |     4 |     2 |     6 |     2 ||    14
         Broad axe         |       |       |       |    45 |    95 ||   140
         Battleaxe         |       |       |       |       |   188 ||   188
         Unarmed           |       |       |       |       |     7 ||     7
 Invoke: Berserk           |     1 |     4 |     7 |     9 |     7 ||    28
         Trog's Hand       |       |       |     2 |     4 |     1 ||     7
         Brothers in Arms  |       |       |       |     2 |       ||     2
    Use: Scroll            |       |     5 |       |     9 |       ||    14
         Potion            |       |       |       |       |     1 ||     1
   Stab: Sleeping          |       |       |       |     3 |       ||     3
         Petrified         |       |       |       |       |     2 ||     2
 Armour: Animal skin       |     6 |       |       |       |       ||     6
         Ring mail         |    15 |       |       |       |       ||    15
         Scale mail        |       |    67 |    52 |   121 |       ||   240
         Chain mail        |       |       |       |    14 |   173 ||   187
  Dodge: Dodged            |    44 |   162 |   144 |   324 |   219 ||   893
  Block: Buckler           |       |       |       |       |     2 ||     2
